Map: Temple gelé

Players

Kinder - Winner!

  • Race: Terran Terran
  • League: Master

TimZer

  • Race: Zerg Zerg
  • League: Master

VOD

Have the link to the VOD?

Description

Time

  • Played on: March 29, 2016, 3:57 p.m.
  • Length: 11:03
Show
View Real Time Build Order
Export as new Build Order

Kinder Terran - Winner!

Build Orders: MMM Bio 

Get SALT Encoding   

  12  0:01  SCV  
  13  0:13  SCV  
  14  0:18  Supply Depot  
  14  0:25  SCV  
  15  0:33  Refinery  
  15  0:40  SCV  
  16  0:46  Barracks  
  16  0:52  SCV  
  17  1:03  Barracks  
  17  1:08  SCV  
  18  1:20  SCV  
  19  1:34  Reaper  
  19  1:35  Orbital Command  
  20  1:40  Supply Depot  
  20  1:50  Reaper  
  21  2:01  SCV  
  22  2:06  Reaper  
  23  2:20  Command Center  
  23  2:23  SCV, Reaper  
  25  2:38  SCV  
  25  2:39  Reaper  
  25  2:42  Refinery  
  27  2:52  SCV  
  27  2:57  Supply Depot  
  28  3:00  Barracks Tech Lab  
  28  3:06  SCV  
  29  3:18  SCV, Factory  
  31  3:30  SCV  
  31  3:32  Marine  
  32  3:34  Bunker  
  32  3:35  Orbital Command  
  32  3:38  Barracks Reactor  
  32  3:42  SCV  
  32  3:43  Supply Depot  
  33  3:54  SCV  
  34  3:55  Marine  
  34  3:56  Supply Depot  
  35  4:03  SCV  
  35  4:06  SCV  
  35  4:07  Supply Depot  
  37  4:12  Factory Tech Lab  
  37  4:13  Marine, Factory Reactor  
  37  4:15  SCV  
  39  4:19  SCV  
  39  4:23  Supply Depot  
  39  4:24  Marine x2  
  41  4:27  SCV  
  41  4:28  Stimpack  
  43  4:31  Marine  
  43  4:36  SCV  
  45  4:40  SCV  
  45  4:41  Marine  
  47  4:45  Supply Depot  
  47  4:48  SCV, Starport  
  47  4:51  Marine x2  
  50  4:53  Widow Mine x2  
  50  4:56  SCV  
  55  5:00  SCV  
  55  5:01  Marine  
  55  5:02  Barracks  
  56  5:08  SCV  
  56  5:10  Marauder, Marine  
  56  5:12  SCV  
  61  5:15  Supply Depot  
  61  5:20  SCV  
  62  5:26  Widow Mine  
  62  5:27  Widow Mine  
  66  5:29  Marine x2  
  66  5:30  Medivac  
  66  5:31  Marine  
  70  5:39  SCV  
  70  5:40  SCV  
  72  5:45  Refinery  
  72  5:47  Command Center  
  71  5:53  SCV  
  71  5:54  Marine x3  
  71  5:56  Barracks Reactor  
  75  6:00  Refinery  
  75  6:03  SCV, Engineering Bay x2  
  76  6:13  Marauder  
  76  6:18  SCV x2  
  79  6:30  SCV  
  79  6:35  SCV, Marine  
  79  6:36  Marine x3, Widow Mine x2  
  79  6:37  Marauder, Starport Reactor  
  79  6:39  Terran Infantry Weapons Level 1  
  89  6:41  Terran Infantry Armor Level 1  
  89  6:42  SCV  
  89  6:43  Armory  
  90  6:47  SCV  
  90  6:54  Supply Depot  
  91  7:05  Widow Mine x2  
  91  7:06  SCV  
  91  7:07  SCV  
  98  7:18  SCV  
  98  7:20  SCV  
  98  7:21  Marine x2  
  98  7:22  Marauder, Marine  
  104  7:24  Medivac x2  
  108  7:30  SCV, Barracks  
  108  7:32  SCV  
  108  7:33  Widow Mine x2  
  112  7:37  Marine  
  112  7:39  Marine, Orbital Command  
  112  7:43  Marauder, SCV  
  115  7:44  Bunker, SCV, Marine x2  
  115  7:46  Combat Shields  
  118  7:52  Supply Depot  
  118  7:55  SCV  
  118  7:56  SCV  
  120  8:00  Marine x2  
  120  8:02  Marine  
  120  8:05  Marauder  
  125  8:06  Supply Depot  
  125  8:09  SCV x2, Medivac x2, Widow Mine  
  133  8:13  Widow Mine  
  135  8:23  Marine  
  135  8:24  Marine x3  
  135  8:26  Marauder  
  140  8:37  Widow Mine  
  140  8:41  Marine x2, Widow Mine  
  140  8:42  Marine x2  
  140  8:44  SCV x3  
  140  8:47  Marauder  
  141  8:50  Medivac x2  
  141  8:54  Barracks  
  144  8:56  SCV, Refinery x2  
  144  8:57  Supply Depot  
  144  8:59  Marine x3  
  144  9:02  Marine  
  140  9:06  Widow Mine  
  140  9:09  Marauder  
  144  9:10  Widow Mine  
  144  9:15  SCV x2  
  148  9:17  Marine  
  148  9:18  Marine  
  148  9:24  Barracks x2  
  150  9:27  Barracks Reactor  
  150  9:28  Marine  
  150  9:30  Marine x2  
  153  9:34  Widow Mine  
  153  9:35  Marine  
  153  9:36  Marine  
  157  9:42  Barracks Reactor  
  157  9:45  Supply Depot  
  157  9:46  Supply Depot  
  157  9:50  Marine  
  157  9:51  Marine  
  157  9:54  Marine  
  157  9:56  Marine  
  157  9:57  Missile Turret  
  157  10:00  Missile Turret  
  157  10:02  Missile Turret x2  
  157  10:04  Missile Turret x2  
  157  10:06  Missile Turret, Widow Mine x2  
  157  10:07  Marauder, Medivac  
  157  10:08  Medivac  
  157  10:13  Marine x2  
  157  10:14  Marine x4  
  171  10:22  Marine x2  
  173  10:31  Marine  
  173  10:32  Marauder, SCV, Marine  
  173  10:34  Command Center  
Show
View Real Time Build Order
Export as new Build Order

TimZer Zerg 

Build Orders: Hatch First 

Get SALT Encoding   

  12  0:01  Drone  
  13  0:09  Drone  
  14  0:17  Overlord  
  14  0:24  Extractor, Drone  
  14  0:29  Extractor, Drone  
  16  0:37  Drone  
  17  0:54  Hatchery  
  17  0:57  Drone  
  17  1:00  Drone  
  18  1:13  Spawning Pool  
  18  1:17  Drone  
  18  1:25  Drone  
  19  1:27  Extractor  
  19  1:30  Drone  
  19  1:42  Drone  
  20  2:01  Queen  
  20  2:07  Queen  
  24  2:09  Zergling x6  
  24  2:11  Overlord  
  27  2:20  Drone  
  28  2:36  Metabolic Boost  
  27  2:39  Queen  
  27  2:42  Queen  
  27  2:43  Spine Crawler  
  30  2:53  Drone x2  
  30  2:54  Drone  
  33  3:03  Roach Warren  
  32  3:06  Zergling x4  
  32  3:13  Zergling x4  
  34  3:26  Zergling x4  
  36  3:28  Overlord  
  35  3:53  Roach x3  
  40  4:06  Roach  
  40  4:07  Roach, Overlord x2  
  44  4:27  Drone x4  
  44  4:28  Drone  
  44  4:30  Ravager  
  44  4:31  Ravager  
  51  4:40  Drone x4  
  51  4:42  Drone x2  
  51  4:43  Overlord  
  57  4:49  Drone  
  57  4:50  Drone  
  59  5:04  Drone x3  
  62  5:11  Hatchery  
  61  5:24  Lair  
  61  5:26  Extractor  
  61  5:27  Extractor  
  59  5:30  Evolution Chamber  
  59  5:31  Drone x6, Evolution Chamber  
  59  5:32  Overlord x2  
  63  5:55  Drone x2  
  65  5:58  Drone x3  
  65  5:59  Drone  
  69  6:12  Drone x4  
  72  6:21  Drone x2  
  73  6:28  Spore Crawler  
  73  6:32  Spore Crawler  
  69  6:38  Drone x2  
  72  6:40  Zerg Missile Weapons Level 1, Zerg Melee Weapons Level 1  
  72  6:41  Drone x3  
  72  6:42  Drone  
  72  6:44  Extractor  
  72  6:45  Queen  
  72  6:46  Drone x2  
  79  6:52  Spore Crawler  
  78  6:58  Spore Crawler  
  77  7:05  Spire  
  77  7:07  Extractor  
  77  7:08  Extractor  
  69  7:20  Overseer, Spore Crawler  
  69  7:30  Drone x6  
  69  7:31  Drone x2  
  69  7:34  Drone x3  
  79  7:58  Drone x2  
  79  7:59  Drone, Overlord x2  
  79  8:04  Glial Reconstitution, Baneling Nest  
  81  8:07  Burrow, Overlord x2  
  81  8:08  Zergling x6  
  81  8:09  Zergling x2, Hatchery  
  83  8:21  Zergling x12  
  83  8:25  Ravager x3  
  91  8:33  Roach x6  
  101  8:34  Zerg Ground Armor Level 1  
  85  8:48  Drone x3  
  68  9:04  Roach x4  
  68  9:09  Roach  
  70  9:16  Roach  
  72  9:18  Ravager  
  72  9:29  Roach x2, Queen  
  72  9:30  Queen  
  80  9:36  Drone x2  
  82  9:39  Queen  
  82  9:45  Zergling x2  
  82  9:46  Zergling x12  
  82  9:50  Spine Crawler x2  
  84  9:56  Roach  
  84  9:57  Roach  
  88  10:05  Ravager x3, Hatchery  
  88  10:06  Baneling x2  
  88  10:07  Baneling x3  
  90  10:09  Roach x3  
  90  10:10  Roach  
  90  10:11  Drone  
  99  10:23  Drone x5  
Tags
 
Composition
MMM Bio
Matchup
TvZ
Add a new tag
Caveats
  • Supply blocks, unpowered buildings, or Contaminate may cause inaccurate times.
  • Supply counts are checked every 10 seconds.